 Dungeon Crawl Stone Soup version 0.30-a0-1123-gabc949cf19 (webtiles) character file.

Game seed: 6567825454058180234

1190 hikkokomori the Shield-Bearer (level 8, -2/67 HPs)
             Began as a Gnoll Fighter on Apr 23, 2023.
             Slain by Menkaure (11 damage)
             ... on level 5 of the Dungeon.
             The game lasted 00:07:26 (3874 turns).

hikkokomori the Shield-Bearer (Gnoll Fighter)       Turns: 3874, Time: 00:07:27

Health: -2/67      AC: 10    Str: 15    XL:     8   Next: 43%
Magic:  0/13       EV: 15    Int: 10    God:
Gold:   237        SH:  5    Dex: 12    Spells: 10/13 levels left

rFire   . . .        s - +7 club
rCold   . . .        c - +0 buckler
rNeg    . . .        b - +0 scale mail
rPois   .            (no helmet)
rElec   .            y - +1 cloak
rCorr   .            (no gloves)
SInv    .            (no boots)
Will    .....        n - amulet of guardian spirit
Stlth   +            q - +5 ring of evasion
HPRegen 0.31/turn    (no ring)
MPRegen 0.13/turn

%: guardian spirit
@: mighty, hasted, very quick
A: fangs 1, strong nose, distributed training
a: no special abilities


You were on level 5 of the Dungeon.
You visited 1 branch of the dungeon, and saw 5 of its levels.
You also visited: Sewer.

You collected 237 gold pieces.

Inventory:

Hand Weapons
 a - a +0 war axe
 f - a +1 sling of flaming
 s - a +7 club (weapon)
 t - the +3 mace of Fuoge {pain, rF+ Str-5 SInv}
   (You found it on level 3 of the Dungeon)

   Str:       It affects your strength (-5).
   rF:        It protects you from fire.
   SInv:      It lets you see invisible.
Missiles
 l - 3 throwing nets
Armour
 b - a +0 scale mail (worn)
 c - a +0 buckler (worn)
 y - a +1 cloak (worn)
Jewellery
 n - an amulet of guardian spirit (around neck)
 q - a +5 ring of evasion (left hand)
 u - an amulet of magic regeneration
Wands
 m - a wand of flame (23)
Scrolls
 e - a scroll of amnesia
 i - 4 scrolls of teleportation
 v - a scroll of poison {unknown}
 x - a scroll of immolation {unknown}
Potions
 g - a potion of cancellation
 h - a potion of brilliance {unknown}
 j - a potion of lignification {unknown}
 k - 2 potions of curing
 p - 5 potions of flight
 r - a potion of degeneration {unknown}
 z - a potion of ambrosia {unknown}


   Skills:
 + Level 7.4 Fighting
 + Level 3.4 Short Blades
 + Level 3.4 Long Blades
 + Level 5.7 Axes
 + Level 3.4 Maces & Flails
 + Level 3.4 Polearms
 + Level 3.4 Staves
 + Level 3.4 Ranged Weapons
 + Level 3.4 Throwing
 + Level 7.4 Armour
 + Level 3.4 Dodging
 + Level 3.4 Stealth
 + Level 7.4 Shields
 + Level 3.4 Unarmed Combat
 + Level 3.4 Spellcasting
 + Level 2.7 Conjurations
 + Level 2.7 Hexes
 + Level 2.7 Summonings
 + Level 2.7 Necromancy
 + Level 2.7 Translocations
 + Level 2.7 Transmutations
 + Level 2.7 Fire Magic
 + Level 2.7 Ice Magic
 + Level 2.7 Air Magic
 + Level 2.7 Earth Magic
 + Level 2.7 Poison Magic
 + Level 3.7 Invocations
 + Level 3.4 Evocations


You had 10 spell levels left.
You knew the following spells:

 Your Spells              Type           Power      Damage    Failure   Level
a - Call Canine Familiar  Summ           7%         N/A       71%         3

Your spell library contained the following spells:

 Spells                   Type           Power      Damage    Failure   Level
 Summon Small Mammal      Summ           28%        N/A       34%         1
 Sublimation of Blood     Necr           7%         N/A       47%         2
 Gell's Gravitas          Tloc           7%         N/A       71%         3
 Summon Guardian Golem    Hex/Summ       7%         N/A       71%         3
 Teleport Other           Tloc           7%         N/A       71%         3
 Petrify                  Tmut/Erth      7%         N/A       98%         4
 Irradiate                Conj/Tmut      3%         3d12      100%        5
 Dispersal                Tloc           3%         N/A       100%        6


Dungeon Overview and Level Annotations

Branches:
Dungeon (5/15)              Sewer (visited)
 Temple: D:4-7

Altars:
Fedhas

Shops:
D:3 (

Annotations:
D:5 Menkaure, Sigmund


Innate Abilities, Weirdness & Mutations

You have very sharp teeth.
Your uncanny sense of smell can sniff out nearby items.
Your experience applies equally to all skills.


Message History

* * * LOW HITPOINT WARNING * * *
Pikel burns you.
* * * LOW HITPOINT WARNING * * *
You sock Pikel!
You kill Pikel!
With Pikel's spell broken, his former minion thanks you for its freedom.
The lemure departs this earthly plane.
The ufetubus barely misses you. x2
Menkaure calls on the powers of darkness!
Your body is wracked with pain!
* * * LOW HITPOINT WARNING * * *
Your Short Blades skill increases to level 3!
Your Long Blades skill increases to level 3!
Your Maces & Flails skill increases to level 3!
Your Polearms skill increases to level 3!
Your Staves skill increases to level 3!
Your Ranged Weapons skill increases to level 3!
Your Throwing skill increases to level 3!
Your Dodging skill increases to level 3!
Your Stealth skill increases to level 3!
Your Unarmed Combat skill increases to level 3!
Your Spellcasting skill increases to level 3!
Your Evocations skill increases to level 3!
You have reached level 8!
You feel agile.
You closely miss the ufetubus. The ufetubus closely misses you.
You block the ufetubus's attack. x2; The ufetubus closely misses you.
Unknown command.
You barely miss the ufetubus. You block the ufetubus's attack.
The ufetubus hits you but does no damage.
The ufetubus misses you. x2
Unknown command.
You closely miss the ufetubus. Your bite misses the ufetubus.
The ufetubus misses you. The ufetubus completely misses you.
The ufetubus barely misses you. The ufetubus closely misses you.
Unknown command.
You feel yourself speed up. You block the ufetubus's attack. x2
You thump the ufetubus!
You kill the ufetubus!
You closely miss Menkaure. Menkaure hits you!
You die...

#. ...
.######..
.....#5###
........
.....#
....
######'#
#...@M.#
#.######
#)# #.#
#.# #.#
#.# #.#
#.#


You could see Menkaure (fast).

Vanquished Creatures
  Pikel (D:5)
  A centaur (D:5)
  A hound (D:3)
  Ijyb (D:3)
  Crazy Yiuf (D:3)
  Jessica (D:3)
  Natasha (thrice) (D:2)
  3 orc wizards (D:4)
  A sickly merfolk siren (Sewer)
  A malarious merfolk avatar (Sewer)
  Robin (D:2)
  2 gnolls (D:1)
  10 adders
  2 river rats (Sewer)
  3 ufetubi
  2 worms (D:3)
  5 dart slugs
  15 orcs
  10 bats
  7 endoplasms
  8 giant cockroaches
  14 goblins
  10 hobgoblins
  3 jackals (D:4)
  5 kobolds
  4 quokkas
  10 ball pythons
  8 frilled lizards
  28 rats
161 creatures vanquished.

Vanquished Creatures (others)
  6 plants (D:1)
6 creatures vanquished.

Grand Total: 167 creatures vanquished

Notes
Turn   | Place    | Note
-------+----------+-------------------------------------------
     0 | D:1      | hikkokomori the Gnoll Fighter began the quest for the Orb.
     0 | D:1      | Reached XP level 1. HP: 23/23 MP: 1/1
   169 | D:1      | Reached XP level 2. HP: 29/29 MP: 2/2
   350 | D:1      | Reached XP level 3. HP: 35/35 MP: 3/3
   358 | D:1      | Found a faded altar of an unknown god.
   453 | D:1      | Reached skill level 1 in Invocations
   601 | D:1      | Reached skill level 1 in Short Blades
   601 | D:1      | Reached skill level 1 in Long Blades
   601 | D:1      | Reached skill level 1 in Maces & Flails
   601 | D:1      | Reached skill level 1 in Polearms
   601 | D:1      | Reached skill level 1 in Staves
   601 | D:1      | Reached skill level 1 in Ranged Weapons
   601 | D:1      | Reached skill level 1 in Throwing
   601 | D:1      | Reached skill level 1 in Dodging
   601 | D:1      | Reached skill level 1 in Stealth
   601 | D:1      | Reached skill level 1 in Unarmed Combat
   601 | D:1      | Reached skill level 1 in Spellcasting
   601 | D:1      | Reached skill level 1 in Evocations
   654 | D:1      | Reached XP level 4. HP: 41/41 MP: 5/5
  1057 | D:2      | Noticed Robin
  1065 | D:2      | Killed Robin
  1066 | D:2      | Reached skill level 1 in Conjurations
  1066 | D:2      | Reached skill level 1 in Hexes
  1066 | D:2      | Reached skill level 1 in Summonings
  1066 | D:2      | Reached skill level 1 in Necromancy
  1066 | D:2      | Reached skill level 1 in Translocations
  1066 | D:2      | Reached skill level 1 in Transmutations
  1066 | D:2      | Reached skill level 1 in Fire Magic
  1066 | D:2      | Reached skill level 1 in Ice Magic
  1066 | D:2      | Reached skill level 1 in Air Magic
  1066 | D:2      | Reached skill level 1 in Earth Magic
  1066 | D:2      | Reached skill level 1 in Poison Magic
  1213 | D:2      | Noticed Natasha
  1225 | D:2      | Killed Natasha
  1226 | D:2      | Reached XP level 5. HP: 30/47 MP: 5/7
  1234 | D:2      | Noticed Natasha
  1239 | D:2      | Killed Natasha
  1373 | D:2      | Noticed Natasha
  1379 | D:2      | Killed Natasha
  1481 | D:2      | Found a blossoming altar of Fedhas.
  1664 | D:3      | Noticed Jessica
  1666 | D:3      | Killed Jessica
  1676 | D:3      | Identified the +3 mace of Fuoge {pain, rF+ Str-5 SInv}
  1734 | D:3      | Reached XP level 6. HP: 53/53 MP: 8/8
  1782 | D:3      | Found Otil's Antique Weapon Boutique.
  1849 | D:3      | Found a glowing drain.
  1860 | Sewer    | Entered a sewer
  1960 | Sewer    | Reached skill level 5 in Axes
  2241 | Sewer    | Learned a level 3 spell: Call Canine Familiar
  2291 | D:3      | Noticed Ijyb
  2318 | D:3      | Killed Ijyb
  2714 | D:3      | Found a runed translucent door.
  2715 | D:3      | Noticed Crazy Yiuf
  2836 | D:3      | Killed Crazy Yiuf
  2837 | D:3      | Reached XP level 7. HP: 53/60 MP: 7/10
  3624 | D:5      | Entered Level 5 of the Dungeon
  3625 | D:5      | Noticed Sigmund
  3847 | D:5      | Noticed Pikel
  3860 | D:5      | Noticed Menkaure
  3868 | D:5      | Killed Pikel
  3869 | D:5      | Reached XP level 8. HP: 7/67 MP: 3/13
  3874 | D:5      | Slain by Menkaure

Illustrated notes

Levels and vault maps discovered:
D:1:      dpeg_arrival_brainrot, layout_loops_ring,
          shapermc_ecumenical_altar_totnotflames, nicolae_grassy_gnolls
D:2:      layout_rooms, basic_altar, uniq_robin, uniq_natasha
D:3:      layout_loops_cross, serial_shops, nicolae_shop_waterfront,
          portal_sewer_entry_d, uniq_ijyb, uniq_jessica, uniq_crazy_yiuf_cottage
D:4:      layout_basic
D:5:      layout_basic, dancing_weapons_uskayaw, grunt_qazlal_sundering,
          trog_wizard, serial_shops, nicolae_shop_real_fake_doors,
          uniq_menkaure, uniq_pikel, uniq_sigmund

Skill      XL: |  1  2  3  4  5  6  7 |
---------------+----------------------+-----
Invocations    | 1 2 3 |  3.7
Short Blades   | 1 2 3 |  3.4
Long Blades    | 1 2 3 |  3.4
Maces & Flails | 1 2 3 |  3.4
Polearms       | 1 2 3 |  3.4
Staves         | 1 2 3 |  3.4
Ranged Weapons | 1 2 3 |  3.4
Throwing       | 1 2 3 |  3.4
Dodging        | 1 2 3 |  3.4
Stealth        | 1 2 3 |  3.4
Unarmed Combat | 1 2 3 |  3.4
Spellcasting   | 1 2 3 |  3.4
Evocations     | 1 2 3 |  3.4
Conjurations   | 1 2 |  2.7
Hexes          | 1 2 |  2.7
Summonings     | 1 2 |  2.7
Necromancy     | 1 2 |  2.7
Translocations | 1 2 |  2.7
Transmutations | 1 2 |  2.7
Fire Magic     | 1 2 |  2.7
Ice Magic      | 1 2 |  2.7
Air Magic      | 1 2 |  2.7
Earth Magic    | 1 2 |  2.7
Poison Magic   | 1 2 |  2.7
Axes           | 5 |  5.7
Fighting       | 7 |  7.4
Armour         | 7 |  7.4
Shields        | 7 |  7.4

Action                     |  1- 3 |  4- 6 |  7- 9 || total
---------------------------+-------+-------+-------++-------
  Melee: War axe           |     4 |       |       ||     4
         Bite              |     1 |    10 |    14 ||    25
         Club              |       |   169 |   135 ||   304
         Mace              |       |       |     4 ||     4
   Fire: Sling             |    93 |   102 |       ||   195
    Use: Scroll            |       |     7 |     3 ||    10
         Potion            |       |       |     3 ||     3
 Armour: Scale mail        |    17 |    85 |    52 ||   154
  Dodge: Dodged            |    29 |   114 |   130 ||   273
  Block: Buckler           |    21 |    63 |    57 ||   141

Table legend: (Time is in decaauts)
 A = Elapsed time spent in this place.
 B = Non-inter-level travel time spent in this place.
 C = Inter-level travel time spent in this place.
 D = Time resting spent in this place.
 E = Time spent auto-exploring this place.
 F = Levels seen in this place.
 G = Mean time per level.
                   A        B        C        D        E       F      G
               +--------+--------+--------+--------+--------+-----+--------+
         Total |   4095 |   3950 |    145 |    288 |   2401 |   6 |  682.5 |
       Dungeon |   3660 |   3515 |    145 |    260 |   2229 |   5 |  732.0 |
         Sewer |    434 |    434 |      0 |     28 |    172 |   1 |  434.0 |
               +--------+--------+--------+--------+--------+-----+--------+

Top non-repeatable levels by time:
     D:1: 1088 daAuts
     D:3: 1047 daAuts
     D:2: 643 daAuts
     D:4: 624 daAuts
   Sewer: 434 daAuts
     D:5: 256 daAuts
